 Dungeon Sprint DCSS version 0.22-a0-305-gd21a89c (webtiles) character file.

61 Deathtrap2010 the Covered (level 3, -10/32 HPs)
             Began as a Demonspawn Fighter on Mar 31, 2018.
             Mangled by a killer bee (11 damage)
             ... in the Dungeon (Sprint IV: "Fedhas' Mad Dash").
             The game lasted 00:01:44 (696 turns).

Deathtrap2010 the Covered (Demonspawn Fighter)       Turns: 696, Time: 00:01:45

Health: -10/32     AC:  7    Str: 22    XL:     3   Next: 83%
Magic:  3/3        EV:  7    Int:  9    God:
Gold:   61         SH: 10    Dex: 12    Spells: 2/2 levels left

rFire    . . .     SeeInvis .   a - +0 war axe
rCold    . . .     Gourm    .   c - +0 shield
rNeg     . . .     Faith    .   b - +0 scale mail
rPois    .         Spirit   .   (no helmet)
rElec    .         Reflect  .   (no cloak)
rCorr    .         Harm     .   (no gloves)
MR       .....     NoTele   +   (no boots)
Stlth    ..........             k - amulet of invisibility {+Inv}
HPRegen  0.10/turn              (no ring)
MPRegen  0.08/turn              (no ring)

@: mighty, lethally poisoned (-10 -> -16)
A: demonic guardian 1
a: Evoke Invisibility


You were in the Dungeon.
You were not hungry.

You visited 1 branch You collected 61 gold pieces.

Inventory:

Hand Weapons
 a - a +0 war axe (weapon)
Armour
 b - a +0 scale mail (worn)
 c - a +0 shield (worn)
Jewellery
 k - the amulet of invisibility (around neck) {+Inv}
   (You found it in the Dungeon)

   [amulet of nothing]

   It lets you turn invisible.
Potions
 e - a potion of curing
 g - a potion of heal wounds
 h - a potion of haste
 i - 2 potions of magic
 j - a potion of berserk rage
Comestibles
 f - 2 rations


   Skills:
 + Level 4.9 Fighting
 + Level 2.7 Axes
 + Level 4.9 Armour
 + Level 0.4 Dodging
 + Level 4.3 Shields


You had 2 spell levels left.
You didn't know any spells.

Dungeon Overview and Level Annotations

Branches:
Dungeon (1/1)

Altars:


Innate Abilities, Weirdness & Mutations

A weak demonic guardian rushes to your aid.


Message History

You feel sick.
Your quasit closely misses the killer bee.
Your quasit claws the killer bee but does no damage.
Your quasit closely misses the killer bee.
You block the killer bee's attack. x2; The killer bee stings you.
The queen bee calls on the killer bee to defend it!
The killer bee goes berserk!
Okay, then.
You feel sick. The killer bee misses your quasit.
The killer bee stings you but does no damage.
Your quasit bites the killer bee.
Your quasit closely misses the killer bee.
Your quasit barely misses the killer bee.
You block the killer bee's attack.
You feel sick. The killer bee stings you. The killer bee stings you!
* * * LOW HITPOINT WARNING * * *
The killer bee stings you.
* * * LOW HITPOINT WARNING * * *
The killer bee stings you!
You die...

##################
#<..P#.....#.....#
#PP..'.)...'.#.(.+
#PPPP#.....#.#...#
###############'##
♣..y..5yy@...#
%.....♣...yy#...#
.....♣..♣..######
#+## #+#####


You could see a queen bee, 4 killer bees and a friendly quasit.

Vanquished Creatures
  An oklob sapling (D)
  A river rat (D)
  A rat (D)
3 creatures vanquished.

Vanquished Creatures (collateral kills)
  An oklob sapling (D)
  A worker ant (D)
2 creatures vanquished.

Grand Total: 5 creatures vanquished

Notes
Turn   | Place    | Note
-------+----------+-------------------------------------------
     0 | D        | Deathtrap2010 the Demonspawn Fighter began the quest for the Orb.
     0 | D        | Reached XP level 1. HP: 18/18 MP: 1/1
    16 | D        | Gained mutation: A weak demonic guardian rushes to your aid. [demonic ancestry]
    16 | D        | Reached XP level 2. HP: 12/25 MP: 2/2
   174 | D        | Noticed an oklob sapling
   184 | D        | Killed an oklob sapling
   396 | D        | Found the amulet of invisibility {+Inv}
   401 | D        | Reached XP level 3. HP: 20/31 MP: 3/3
   424 | D        | Noticed an oklob sapling
   429 | D        | Killed an oklob sapling
   689 | D        | Noticed a queen bee
   689 | D        | Noticed a killer bee
   690 | D        | Noticed a killer bee
   691 | D        | Noticed a killer bee
   691 | D        | Noticed a killer bee
   696 | D        | HP: 1/32 [killer bee (5)]
   696 | D        | Mangled by a killer bee

Vault maps used:
D:        dungeon_sprint_fedhas

Skill      XL: |  1  2 |
---------------+-------+-----
Axes           | 2 |  2.7
Armour         | 3 4 |  4.9
Shields        | 3 4 |  4.3
Fighting       | 4 |  4.9
Dodging        | |  0.4

Action                   || total
-------------------------++-------
Melee: War axe           ||    17
  Use: Scroll            ||     1
       Potion            ||     1
Armor: Scale mail        ||    10
Dodge: Dodged            ||     2
Block: Shield            ||    11

Table legend:
 A = Spawn XP
 B = Non-spawn XP
 C = Spawn XP percentage of total XP
 D = Spawn monster count
 E = Non-spawn monster count
 F = Spawn count percentage of total count
 G = Total turns spent on level
                    A         B        C        D         E        F      G
               +---------+---------+-------+---------+---------+-------+---------
         Total |       0 |      88 |   0.0 |       0 |       5 |   0.0 |   696
               +---------+---------+-------+---------+---------+-------+---------
             D |       0 |      88 |   0.0 |       0 |       5 |   0.0 |   696
               +---------+---------+-------+---------+---------+-------+---------
